 Dungeon Crawl Stone Soup version 0.22.1-1-ga44c0e5 (webtiles) character file.

158 Yerrow the Cudgeler (level 5, -1/47 HPs)
             Began as a Hill Orc Monk on Oct 19, 2018.
             Killed from afar by Natasha (4 damage)
             ... with a magic dart
             ... on level 3 of the Dungeon.
             The game lasted 00:20:01 (2985 turns).

Yerrow the Cudgeler (Hill Orc Monk)                 Turns: 2985, Time: 00:20:02

Health: -1/47      AC: 11    Str: 15    XL:     5   Next: 40%
Magic:  5/5        EV:  2    Int: 10    God:
Gold:   144        SH: 12    Dex: 13    Spells: 4/4 levels left

rFire    . . .     SeeInvis .   a - +0 mace
rCold    . . .     Gourm    .   i - +0 large shield
rNeg     . . .     Faith    .   u - +0 chain mail
rPois    .         Spirit   .   x - +0 helmet
rElec    .         Reflect  .   e - +0 cloak
rCorr    .         Harm     .   n - +0 pair of gloves
MR       .....                  (no boots)
Stlth    ..........             (no amulet)
HPRegen  0.15/turn              (no ring)
MPRegen  0.09/turn              (no ring)

@: slowed, very slow
A: no striking features
a: no special abilities


You were on level 3 of the Dungeon.
You were not hungry.

You visited 1 branch of the dungeon, and saw 3 of its levels.

You collected 144 gold pieces.

Inventory:

Hand Weapons
 a - a +0 mace (weapon)
Missiles
 j - 81 stones (quivered)
Armour
 b - a +0 robe
 e - a +0 cloak (worn)
 i - a +0 large shield (worn)
 n - a +0 pair of gloves (worn)
 u - a +0 chain mail (worn)
 x - a +0 helmet (worn)
Wands
 l - a wand of acid (9)
Scrolls
 f - a scroll of blinking {unknown}
 g - a scroll of enchant weapon {unknown}
 h - a scroll of enchant armour {unknown}
 k - 2 scrolls of immolation {unknown}
 o - 2 scrolls of identify {unknown}
 r - a scroll of fog {unknown}
 s - 2 scrolls of remove curse {unknown}
 v - 2 scrolls of teleportation {unknown}
Potions
 d - a potion of mutation {unknown}
 m - a potion of lignification {unknown}
 p - a potion of brilliance {unknown}
 w - a potion of might {unknown}
Comestibles
 c - 3 rations
 t - 6 chunks of flesh


   Skills:
 + Level 4.3 Fighting
 + Level 4.4 Maces & Flails
 + Level 1.2 Throwing
 + Level 1.3 Armour
 + Level 2.9 Dodging
 - Level 1.9 Stealth
 + Level 1.7 Shields


You had 4 spell levels left.
You didn't know any spells.
Your spell library was empty.

Dungeon Overview and Level Annotations

Branches:
Dungeon (3/15)

Altars:
Dithmenos
Trog

Annotations:
D:3 Natasha


Message History

You block Natasha's attack.
The iron imp hits you but does no damage.
Natasha claws you.
* * * LOW HITPOINT WARNING * * *
You closely miss Natasha.
Natasha is heavily wounded.
Natasha claws you but does no damage. You block the iron imp's attack.
Natasha claws you but does no damage.
The iron imp hits you but does no damage.
Unknown command.
You sock Natasha!
Natasha is almost dead.
The iron imp disappears in a puff of smoke!
Natasha stares at you and mumbles some strange words.
You feel as though you will be slow longer.
Natasha mumbles some strange words.
Natasha glows brightly for a moment.
Natasha casts a spell at you. The magic dart hits you!
You die...

#.......#
#.#####...####
#.......#
#............#
#########
#.)..........#
#............##
#..............
#.....†........
#...(..........
#......§.......
##....@h.......
#.......([....
#.............
##.......###..
#.#####.# . #.
.. #. .##


You could see Natasha.

Vanquished Creatures
  Ijyb (D:3)
  5 adders
  An ooze (D:1)
  3 worms (D:2)
  3 leopard geckos (D:1)
  An orc (D:3)
  2 giant cockroaches
  8 goblins
  12 hobgoblins
  12 kobolds
  2 quokkas (D:2)
  A ball python (D:3)
  10 bats
  8 frilled lizards
  5 rats
74 creatures vanquished.

Notes
Turn   | Place    | Note
-------+----------+-------------------------------------------
     0 | D:1      | Yerrow the Hill Orc Monk began the quest for the Orb.
     0 | D:1      | Reached XP level 1. HP: 19/19 MP: 1/1
   127 | D:1      | Reached XP level 2. HP: 24/27 MP: 2/2
   433 | D:1      | HP: 1/27 [hobgoblin/spear (7)]
  1071 | D:1      | Reached XP level 3. HP: 28/33 MP: 3/3
  1598 | D:2      | Found a shadowy altar of Dithmenos.
  1705 | D:2      | Reached XP level 4. HP: 40/40 MP: 4/4
  1977 | D:2      | Reached skill level 1 in Armour
  1993 | D:2      | Reached skill level 1 in Shields
  2321 | D:2      | Reached skill level 1 in Throwing
  2593 | D:3      | Reached XP level 5. HP: 47/47 MP: 5/5
  2661 | D:3      | Noticed Ijyb
  2672 | D:3      | Paralysed by Ijyb for 4 turns
  2680 | D:3      | Paralysed by Ijyb for 3 turns
  2699 | D:3      | Paralysed by Ijyb for 3 turns
  2705 | D:3      | Paralysed by Ijyb for 7 turns
  2724 | D:3      | Paralysed by Ijyb for 6 turns
  2745 | D:3      | Killed Ijyb
  2831 | D:3      | Found a bloodstained altar of Trog.
  2966 | D:3      | Noticed Natasha
  2983 | D:3      | HP: 2/47 [Natasha (6)]
  2985 | D:3      | Killed from afar by Natasha

Skill      XL: |  1  2  3  4 |
---------------+-------------+-----
Fighting       | 4 |  4.3
Maces & Flails | 4 |  4.4
Armour         | 1 |  1.3
Shields        | 1 |  1.7
Throwing       | 1 |  1.2
Dodging        | |  2.9
Stealth        | |  1.9

Action                   |  1- 3 |  4- 6 || total
-------------------------+-------+-------++-------
Melee: Mace              |   168 |   222 ||   390
Throw: Stone             |    40 |    39 ||    79
  Use: Potion            |       |     1 ||     1
  Eat: Chunk             |     3 |     5 ||     8
Armor: Robe              |    17 |       ||    17
       Chain mail        |    48 |   136 ||   184
Dodge: Dodged            |    55 |    18 ||    73
Block: Large shield      |    58 |   144 ||   202
